TOP OF THE 1ST |
Grand Junction Rockies batting - Pitching for San Francisco (APP) Giants : RHP John Delaney
|
Pitching: RHP John Delaney
|
|
Batting: RHB Juan Figueroa
|
0-0: Ground out 5-3 (Groundball, 56, EV 90.0 MPH)
|
Batting: LHB Chris Salim
|
0-0: Swinging Strike 0-1: Ball 1-1: Foul Ball, location: 2F 1-2: Ball 2-2: Strikes out swinging
|
Batting: LHB Zack Guillen
|
0-0: Ball 1-0: Fly out, F5 (Popup, 5SF, EV 75.0 MPH)
|
Top of the 1st over - 0 runs, 0 hits, 0 errors, 0 left on base; Grand Junction 0 - San Francisco (APP) 0 |
BOTTOM OF THE 1ST |
San Francisco (APP) Giants batting - Pitching for Grand Junction Rockies : LHP Steve Gilliam
|
Pitching: LHP Steve Gilliam
|
|
Batting: RHB Jeremy Bailey
|
0-0: Ball 1-0: Ball 2-0: Foul Ball, location: 2F 2-1: Ball 3-1: Base on Balls
|
Batting: RHB Pedro Quezada
|
0-0: Ball 1-0: Called Strike 1-1: Swinging Strike 1-2: Foul Ball, location: 2F 1-2: Ball 2-2: SINGLE (Line Drive, 9LS, EV 98.1 MPH) Jeremy Bailey to second Runner from 2nd tries for 3rd, SAFE, throw by RF made to third
|
Batting: RHB Teruhide Horiuchi
|
0-0: Ball Pedro Quezada steals 2nd base 1-0: SINGLE (Line Drive, 89S, EV 106.9 MPH) Jeremy Bailey scores Pedro Quezada to third Runner from 3rd tries for Home, SAFE, throw by CF to home
|
Batting: RHB Bill Defazio
|
0-0: Ball 1-0: Swinging Strike 1-1: Foul Ball, location: 2F 1-2: SINGLE (Groundball, 56S, EV 68.8 MPH) (infield hit) Teruhide Horiuchi to second
|
Batting: RHB John Tyra
|
0-0: Foul Ball, location: 2F 0-1: Ball 1-1: Ball 2-1: Ball 3-1: Called Strike 3-2: Foul Ball, location: 2F 3-2: Base on Balls Teruhide Horiuchi to third Bill Defazio to second
|
Pitching: RHP Jim Micaletti
|
|
Batting: RHB Ed Broomhead
|
0-0: Ball 1-0: Grounds into double play, 3-6-3 (Groundball, 34, EV 88.8 MPH) Teruhide Horiuchi scores Bill Defazio to third
|
Batting: RHB David Andrews
|
0-0: Foul Ball, location: 2F 0-1: Ball 1-1: Ball 2-1: SINGLE (Groundball, 56D, EV 106.9 MPH) Bill Defazio scores
|
Batting: RHB Alexis Andrade
|
0-0: Called Strike David Andrews is caught stealing 2nd base 2-4
|
Bottom of the 1st over - 4 runs, 4 hits, 0 errors, 0 left on base; Grand Junction 0 - San Francisco (APP) 4 |
TOP OF THE 2ND |
Grand Junction Rockies batting - Pitching for San Francisco (APP) Giants : RHP John Delaney
|
Batting: RHB Willis Morales
|
0-0: Ball 1-0: Ball 2-0: Called Strike 2-1: Ball 3-1: Foul Ball, location: 2F 3-2: Foul Ball, location: 2F 3-2: Base on Balls
|
Batting: LHB Harry Folsom
|
0-0: Ball Willis Morales steals 2nd, throwing error, E2 Willis Morales to third 1-0: Ball 2-0: Ball 3-0: Called Strike 3-1: Base on Balls
|
Batting: SHB Jeff Sorrels
|
0-0: Ball 1-0: Called Strike 1-1: Ball 2-1: Foul Ball, location: 2F 2-2: Ball 3-2: Base on Balls Harry Folsom to second
|
Batting: RHB Ray Insley
|
0-0: Called Strike 0-1: Ball 1-1: Ball 2-1: Ball 3-1: Base on Balls Willis Morales scores Harry Folsom to third Jeff Sorrels to second
|
Batting: RHB John Stevenson
|
0-0: Called Strike 0-1: Ball 1-1: Called Strike 1-2: Strikes out swinging
|
Batting: RHB Yamashita Yagi
|
0-0: Called Strike 0-1: Called Strike 0-2: Grounds into fielders choice 1-2 (Groundball, 13, EV 66.9 MPH) Jeff Sorrels to third Ray Insley to second
|
Batting: RHB Juan Figueroa
|
0-0: Ball 1-0: Foul Ball, location: 2F 1-1: Ball 2-1: Swinging Strike 2-2: Ball 3-2: DOUBLE (Flyball, 89D, EV 84.4 MPH) Jeff Sorrels scores Ray Insley scores Yamashita Yagi to third Yamashita Yagi scores
|
Batting: LHB Chris Salim
|
0-0: Ball 1-0: Ball 2-0: Called Strike 2-1: Ball 3-1: Foul Ball, location: 2F 3-2: Base on Balls
|
Batting: LHB Zack Guillen
|
0-0: Foul Ball, location: 2F 0-1: Ball 1-1: Ball 2-1: Swinging Strike 2-2: Ball 3-2: SINGLE (Line Drive, 8LS, EV 99.4 MPH) Juan Figueroa to third Chris Salim to second Juan Figueroa scores Chris Salim to third
|
Batting: RHB Willis Morales
|
0-0: Called Strike 0-1: Ball 1-1: Ground out 4-3 (Groundball, 4, EV 86.9 MPH)
|
Top of the 2nd over - 5 runs, 2 hits, 1 error, 2 left on base; Grand Junction 5 - San Francisco (APP) 4 |
BOTTOM OF THE 2ND |
San Francisco (APP) Giants batting - Pitching for Grand Junction Rockies : RHP Jim Micaletti
|
Batting: RHB Alexis Andrade
|
0-0: Ball 1-0: SOLO HOME RUN (Flyball, 78XD, EV 101.9 MPH), Distance : 417 ft
|
Batting: RHB Bob Schweiger
|
0-0: Called Strike 0-1: Called Strike 0-2: SINGLE (Groundball, 6, EV 102.5 MPH)
|
Batting: RHB Jeremy Bailey
|
0-0: Called Strike 0-1: Ball 1-1: Called Strike 1-2: Ball 2-2: Strikes out swinging
|
Batting: RHB Pedro Quezada
|
0-0: Called Strike 0-1: Foul Ball, location: 2F 0-2: Hit by Pitch Bob Schweiger to second
|
Batting: RHB Teruhide Horiuchi
|
0-0: Ball 1-0: Ball 2-0: Foul Ball, location: 2F 2-1: Swinging Strike 2-2: Ball 3-2: Foul Ball, location: 2F 3-2: Base on Balls Bob Schweiger to third Pedro Quezada to second
|
Batting: RHB Bill Defazio
|
0-0: Ball 1-0: Called Strike 1-1: Fly out, F7 (Flyball, 78S, EV 80.0 MPH)
|
Batting: RHB John Tyra
|
0-0: Ball 1-0: Called Strike 1-1: Fielders Choice at 2nd, 5-4 (Groundball, 56, EV 86.3 MPH)
|
Bottom of the 2nd over - 1 run, 2 hits, 0 errors, 3 left on base; Grand Junction 5 - San Francisco (APP) 5 |
TOP OF THE 3RD |
Grand Junction Rockies batting - Pitching for San Francisco (APP) Giants : RHP John Delaney
|
Batting: LHB Harry Folsom
|
0-0: Ball 1-0: Foul Ball, location: 2F 1-1: Called Strike 1-2: Ball 2-2: Ball 3-2: Base on Balls
|
Batting: SHB Jeff Sorrels
|
0-0: Ball Harry Folsom steals 2nd base 1-0: Ball 2-0: Ball 3-0: Called Strike 3-1: Base on Balls
|
Batting: RHB Ray Insley
|
0-0: Ball 1-0: Ball 2-0: Ball 3-0: Called Strike 3-1: Foul Ball, location: 2F 3-2: Base on Balls Harry Folsom to third Jeff Sorrels to second
|
Batting: RHB John Stevenson
|
0-0: DOUBLE (Line Drive, 7LM, EV 109.4 MPH) Harry Folsom scores Jeff Sorrels scores Ray Insley to third Runner from 3rd tries for Home, SAFE, throw by LF to trailing runner, OUT at third! 7-3-5
|
Pitching: RHP Jay Kouns
|
|
Batting: RHB Yamashita Yagi
|
0-0: Foul Ball, location: 2F 0-1: SINGLE (Groundball, 6MD, EV 95.6 MPH)
|
Batting: RHB Juan Figueroa
|
0-0: Called Strike 0-1: Foul Ball, location: 2F 0-2: Fly out, F4 (Flyball, 34D, EV 82.5 MPH)
|
Batting: LHB Chris Salim
|
0-0: Ball 1-0: Called Strike 1-1: Ball 2-1: Foul Ball, location: 2F 2-2: Foul Ball, location: 2F 2-2: 2-RUN HOME RUN (Flyball, 7D, EV 106.3 MPH), Distance : 391 ft
|
Batting: LHB Zack Guillen
|
0-0: Called Strike 0-1: Ball 1-1: Ball 2-1: SOLO HOME RUN (Flyball, 89XD, EV 111.3 MPH), Distance : 415 ft
|
Batting: RHB Willis Morales
|
0-0: Called Strike 0-1: Swinging Strike 0-2: Ball 1-2: Strikes out swinging
|
Top of the 3rd over - 6 runs, 4 hits, 0 errors, 0 left on base; Grand Junction 11 - San Francisco (APP) 5 |
BOTTOM OF THE 3RD |
San Francisco (APP) Giants batting - Pitching for Grand Junction Rockies : RHP Jim Micaletti
|
Batting: RHB Ed Broomhead
|
0-0: Ball 1-0: Ball 2-0: Foul Ball, location: 2F 2-1: SINGLE (Line Drive, 9LM, EV 111.3 MPH)
|
Batting: RHB David Andrews
|
0-0: Called Strike 0-1: Ball 1-1: SINGLE (Groundball, 56D, EV 107.5 MPH) Ed Broomhead to second
|
Batting: RHB Alexis Andrade
|
0-0: SINGLE (Groundball, 4MD, EV 96.9 MPH) Ed Broomhead to third David Andrews to second
|
Batting: RHB Bob Schweiger
|
0-0: Grounds into double play, 6-4-3 (Groundball, 6, EV 88.8 MPH) Ed Broomhead scores David Andrews to third
|
Batting: RHB Jeremy Bailey
|
0-0: Swinging Strike 0-1: Called Strike 0-2: Strikes out swinging
|
Bottom of the 3rd over - 1 run, 3 hits, 0 errors, 1 left on base; Grand Junction 11 - San Francisco (APP) 6 |
TOP OF THE 4TH |
Grand Junction Rockies batting - Pitching for San Francisco (APP) Giants : RHP Jay Kouns
|
Pitching: LHP Jack Klein
|
|
Batting: LHB Harry Folsom
|
0-0: Swinging Strike 0-1: Ball 1-1: Called Strike 1-2: Foul Ball, location: 2F 1-2: Strikes out swinging
|
Batting: SHB Jeff Sorrels
|
0-0: Ball 1-0: Called Strike 1-1: Ball 2-1: Swinging Strike 2-2: Ground out 5-3 (Groundball, 56, EV 89.4 MPH)
|
Batting: RHB Ray Insley
|
0-0: Ball 1-0: SINGLE (Groundball, P, EV 87.5 MPH) (infield hit)
|
Batting: RHB John Stevenson
|
0-0: Ball 1-0: Called Strike 1-1: Called Strike 1-2: Ball Ray Insley steals 2nd base 2-2: Ball 3-2: Foul Ball, location: 2F 3-2: Fly out, F4 (Popup, 4D, EV 61.3 MPH)
|
Top of the 4th over - 0 runs, 1 hit, 0 errors, 1 left on base; Grand Junction 11 - San Francisco (APP) 6 |
BOTTOM OF THE 4TH |
San Francisco (APP) Giants batting - Pitching for Grand Junction Rockies : RHP Jim Micaletti
|
Batting: RHB Pedro Quezada
|
0-0: Ball 1-0: Ball 2-0: Called Strike 2-1: SINGLE (Groundball, 56D, EV 101.3 MPH) (infield hit)
|
Batting: RHB Teruhide Horiuchi
|
0-0: Called Strike 0-1: Fly out, F8 (Flyball, 8LM, EV 90.0 MPH)
|
Batting: RHB Bill Defazio
|
0-0: Ball Pedro Quezada steals 2nd base 1-0: Called Strike 1-1: Foul Ball, location: 2F 1-2: DOUBLE (Line Drive, 3D, EV 99.4 MPH) Pedro Quezada scores
|
Batting: RHB John Tyra
|
0-0: Ball 1-0: Fly out, F3 (Flyball, 3D, EV 86.9 MPH)
|
Batting: RHB Ed Broomhead
|
0-0: Ball 1-0: SINGLE (Groundball, 34D, EV 94.4 MPH) Bill Defazio to third Runner from 3rd tries for Home, throw by RF and OUT! 9-2
|
Bottom of the 4th over - 1 run, 3 hits, 0 errors, 1 left on base; Grand Junction 11 - San Francisco (APP) 7 |
TOP OF THE 5TH |
Grand Junction Rockies batting - Pitching for San Francisco (APP) Giants : LHP Jack Klein
|
Batting: RHB Yamashita Yagi
|
0-0: Foul Ball, location: 2F 0-1: Ball 1-1: Ball 2-1: Called Strike 2-2: Ball 3-2: Base on Balls
|
Batting: RHB Juan Figueroa
|
0-0: Called Strike 0-1: Called Strike 0-2: Ball 1-2: Strikes out swinging
|
Pitching: RHP Nick McDade
|
|
Batting: LHB Chris Salim
|
0-0: Called Strike 0-1: Ball 1-1: Swinging Strike 1-2: Ball 2-2: Foul Ball, location: 2F 2-2: Foul Ball, location: 2F 2-2: Ground out 4-3 (Groundball, 4MD, EV 103.8 MPH) Yamashita Yagi to second
|
Batting: LHB Zack Guillen
|
0-0: Ball 1-0: Foul Ball, location: 2F 1-1: Foul Ball, location: 2F 1-2: Ball 2-2: SINGLE (Line Drive, 6MD, EV 100.6 MPH) Yamashita Yagi to third Runner from 3rd tries for Home, throw by CF and OUT! 8-2
|
Top of the 5th over - 0 runs, 1 hit, 0 errors, 1 left on base; Grand Junction 11 - San Francisco (APP) 7 |
BOTTOM OF THE 5TH |
San Francisco (APP) Giants batting - Pitching for Grand Junction Rockies : RHP Jim Micaletti
|
Batting: RHB David Andrews
|
0-0: Swinging Strike 0-1: Swinging Strike 0-2: Strikes out looking
|
Pitching: RHP Josh Lofgreen
|
|
Batting: RHB Alexis Andrade
|
0-0: Foul Ball, location: 2F 0-1: Foul Ball, location: 2F 0-2: Ground out 6-3 (Groundball, 6, EV 99.4 MPH)
|
Batting: RHB Bob Schweiger
|
0-0: Ball 1-0: Ball 2-0: Foul Ball, location: 2F 2-1: Ball 3-1: Base on Balls
|
Batting: RHB Jeremy Bailey
|
0-0: Foul Ball, location: 2F 0-1: Called Strike Bob Schweiger is caught stealing 2nd base 2-4
|
Bottom of the 5th over - 0 runs, 0 hits, 0 errors, 0 left on base; Grand Junction 11 - San Francisco (APP) 7 |
TOP OF THE 6TH |
Grand Junction Rockies batting - Pitching for San Francisco (APP) Giants : RHP Nick McDade
|
Batting: RHB Willis Morales
|
0-0: Ball 1-0: Ball 2-0: Called Strike 2-1: Foul Ball, location: 2F 2-2: Ball 3-2: Strikes out swinging
|
Pitching: LHP Mark Gregor
|
|
Batting: LHB Harry Folsom
|
0-0: Ball 1-0: Swinging Strike 1-1: Called Strike 1-2: Ball 2-2: Foul Ball, location: 2F 2-2: Ball 3-2: Strikes out looking
|
Batting: SHB Jeff Sorrels
|
0-0: Ball 1-0: Called Strike 1-1: Ball 2-1: SINGLE (Groundball, 6MD, EV 106.9 MPH)
|
Batting: RHB Ray Insley
|
0-0: Ball 1-0: Ball Passed Ball! Jeff Sorrels to second 2-0: Ball 3-0: Base on Balls
|
Batting: RHB John Stevenson
|
0-0: Called Strike 0-1: Called Strike 0-2: Foul Ball, location: 2F 0-2: Ball 1-2: Strikes out swinging
|
Top of the 6th over - 0 runs, 1 hit, 0 errors, 2 left on base; Grand Junction 11 - San Francisco (APP) 7 |
BOTTOM OF THE 6TH |
San Francisco (APP) Giants batting - Pitching for Grand Junction Rockies : RHP Josh Lofgreen
|
Batting: RHB Jeremy Bailey
|
0-0: Ball 1-0: Swinging Strike 1-1: Foul Ball, location: 2F 1-2: Foul Ball, location: 2F 1-2: Ground out 6-3 (Groundball, 6, EV 108.8 MPH)
|
Batting: RHB Pedro Quezada
|
0-0: Ball 1-0: Swinging Strike 1-1: Called Strike 1-2: Ground out 6-3 (Groundball, 6, EV 100.0 MPH)
|
Batting: RHB Teruhide Horiuchi
|
0-0: Called Strike 0-1: SINGLE (Groundball, 6M, EV 102.5 MPH)
|
Batting: RHB Bill Defazio
|
0-0: SINGLE (Groundball, 6MD, EV 99.4 MPH) Teruhide Horiuchi to second
|
Batting: RHB John Tyra
|
0-0: Ball 1-0: Called Strike 1-1: Ball 2-1: Ball 3-1: Base on Balls Teruhide Horiuchi to third Bill Defazio to second
|
Batting: RHB Ed Broomhead
|
0-0: Called Strike 0-1: Fly out, F9 (Flyball, 89D, EV 96.9 MPH)
|
Bottom of the 6th over - 0 runs, 2 hits, 0 errors, 3 left on base; Grand Junction 11 - San Francisco (APP) 7 |
TOP OF THE 7TH |
Grand Junction Rockies batting - Pitching for San Francisco (APP) Giants : LHP Mark Gregor
|
Pitching: LHP Gil Longoria
|
|
Batting: RHB Yamashita Yagi
|
0-0: Foul Ball, location: 2F 0-1: Ball 1-1: Ball 2-1: Swinging Strike 2-2: Foul Ball, location: 2F 2-2: Ball 3-2: Foul Ball, location: 2F 3-2: Base on Balls
|
Batting: RHB Juan Figueroa
|
0-0: Ball 1-0: Ball 2-0: Sac Bunt to 25 - play at first, batter OUT! 5-4 Yamashita Yagi to second
|
Batting: LHB Chris Salim
|
0-0: Ball Wild Pitch! Yamashita Yagi to third 1-0: Ball 2-0: Swinging Strike 2-1: Ball 3-1: Base on Balls
|
Batting: LHB Zack Guillen
|
0-0: Ball 1-0: Foul Ball, location: 2F 1-1: Swinging Strike Pickoff Throw to First - Out! 1-3 1-2: Hit by Pitch
|
Pitching: RHP Chance Robinson
|
|
Batting: RHB Willis Morales
|
0-0: Ball 1-0: Called Strike Zack Guillen steals 2nd base 1-1: Foul Ball, location: 2F 1-2: Strikes out swinging
|
Top of the 7th over - 0 runs, 0 hits, 0 errors, 2 left on base; Grand Junction 11 - San Francisco (APP) 7 |
BOTTOM OF THE 7TH |
San Francisco (APP) Giants batting - Pitching for Grand Junction Rockies : RHP Josh Lofgreen
|
Now at 1B: Ray Insley
|
|
Now at 3B: Willie Benito
|
|
Now in LF: Zakhar Edelman
|
|
Batting: RHB David Andrews
|
0-0: Called Strike 0-1: Foul Ball, location: 2F 0-2: DOUBLE (Line Drive, 9LS, EV 91.9 MPH)
|
Batting: RHB Alexis Andrade
|
0-0: Called Strike 0-1: Called Strike 0-2: Ball Wild Pitch! David Andrews to third 1-2: Ball 2-2: Ball 3-2: Ground out 5-3 (Groundball, 5, EV 106.3 MPH)
|
Batting: RHB Bob Schweiger
|
0-0: Ball 1-0: Called Strike 1-1: Called Strike 1-2: SINGLE (Groundball, 56, EV 101.3 MPH) David Andrews scores
|
Batting: RHB Jeremy Bailey
|
0-0: Ball 1-0: Ball 2-0: DOUBLE (Groundball, 5L, EV 101.9 MPH) Bob Schweiger to third
|
Batting: RHB Pedro Quezada
|
0-0: Called Strike 0-1: Fly out, F7 (Line Drive, 7, EV 86.9 MPH) Runner from 3rd tags up, OUT at HOME! 7-2
|
Bottom of the 7th over - 1 run, 3 hits, 0 errors, 1 left on base; Grand Junction 11 - San Francisco (APP) 8 |
TOP OF THE 8TH |
Grand Junction Rockies batting - Pitching for San Francisco (APP) Giants : RHP Chance Robinson
|
Batting: LHB Harry Folsom
|
0-0: Ball 1-0: Ball 2-0: Called Strike 2-1: Foul Ball, location: 2F 2-2: Ball 3-2: Base on Balls
|
Batting: RHB Zakhar Edelman
|
0-0: Swinging Strike 0-1: Ball 1-1: SINGLE (Flyball, 5D, EV 93.8 MPH) Harry Folsom to second
|
Batting: RHB Ray Insley
|
0-0: Ball 1-0: Bunt missed! 1-1: Bunted foul 1-2: Foul Ball, location: 2F 1-2: Ball 2-2: Ball Passed Ball! Harry Folsom to third Zakhar Edelman to second 3-2: Base on Balls
|
Pitching: RHP Filip Nebylitsin
|
|
Batting: RHB John Stevenson
|
0-0: Swinging Strike 0-1: Ball 1-1: Ball 2-1: SINGLE (Groundball, 4M, EV 101.9 MPH) Harry Folsom scores Zakhar Edelman to third Ray Insley to second
|
Batting: RHB Yamashita Yagi
|
0-0: Foul Ball, location: 2F 0-1: Ball 1-1: Foul Ball, location: 2F 1-2: Grounds into fielders choice 1-2 (Groundball, 13S, EV 74.4 MPH) Ray Insley to third John Stevenson to second
|
Batting: RHB Juan Figueroa
|
0-0: Called Strike 0-1: Foul Ball, location: 2F 0-2: Strikes out swinging
|
Batting: RHB Willie Benito
|
0-0: Called Strike 0-1: Swinging Strike 0-2: Ball 1-2: Strikes out swinging
|
Top of the 8th over - 1 run, 2 hits, 0 errors, 3 left on base; Grand Junction 12 - San Francisco (APP) 8 |
BOTTOM OF THE 8TH |
San Francisco (APP) Giants batting - Pitching for Grand Junction Rockies : RHP Josh Lofgreen
|
Now at 3B: Brent Montagano
|
|
Now at SS: Willie Benito
|
|
Batting: RHB Teruhide Horiuchi
|
0-0: Called Strike 0-1: Ball 1-1: Hit by Pitch
|
Batting: RHB Bill Defazio
|
0-0: SINGLE (Groundball, 6D, EV 101.3 MPH) Teruhide Horiuchi to second
|
Batting: RHB John Tyra
|
0-0: Ball 1-0: Ball 2-0: Ball 3-0: Called Strike Balk! Teruhide Horiuchi to third Bill Defazio to second 3-1: Base on Balls
|
Batting: RHB Ed Broomhead
|
0-0: Ball 1-0: Swinging Strike 1-1: Grounds into double play, 4-6-3 (Groundball, 34, EV 104.4 MPH) Teruhide Horiuchi scores Bill Defazio to third
|
Batting: RHB David Andrews
|
0-0: Called Strike 0-1: Ball 1-1: SINGLE (Flyball, 4D, EV 81.9 MPH) Bill Defazio scores
|
Pitching: RHP T.J. Williams
|
|
Batting: RHB Alexis Andrade
|
0-0: Swinging Strike 0-1: Ball 1-1: Ball 2-1: Ball 3-1: Base on Balls David Andrews to second
|
Batting: RHB Bob Schweiger
|
0-0: DOUBLE (Line Drive, 78D, EV 110.0 MPH) David Andrews scores Alexis Andrade to third
|
Batting: RHB Jeremy Bailey
|
0-0: Ball 1-0: Swinging Strike 1-1: Ball 2-1: SINGLE (Line Drive, 78M, EV 98.1 MPH) Alexis Andrade scores Bob Schweiger to third
|
Batting: RHB Pedro Quezada
|
0-0: Ball 1-0: Ball 2-0: Called Strike 2-1: Swinging Strike 2-2: Foul Ball, location: 2F 2-2: Foul Ball, location: 2F 2-2: Ball Wild Pitch! Bob Schweiger scores Jeremy Bailey to second 3-2: Foul Ball, location: 2F 3-2: Base on Balls
|
Batting: RHB Teruhide Horiuchi
|
0-0: Foul Ball, location: 2F 0-1: Called Strike 0-2: Ground out 4-3 (Groundball, 4, EV 86.3 MPH)
|
Bottom of the 8th over - 5 runs, 4 hits, 0 errors, 2 left on base; Grand Junction 12 - San Francisco (APP) 13 |
TOP OF THE 9TH |
Grand Junction Rockies batting - Pitching for San Francisco (APP) Giants : RHP Filip Nebylitsin
|
Batting: LHB Zack Guillen
|
0-0: Fly out, F9 (Flyball, 9D, EV 101.3 MPH)
|
Pinch Hitting: LHB Luke Coulter
|
0-0: Ball 1-0: SINGLE (Line Drive, 89S, EV 92.5 MPH)
|
Batting: LHB Harry Folsom
|
0-0: Ball 1-0: Ball Wild Pitch! Luke Coulter to second 2-0: Foul Ball, location: 2F 2-1: Ball 3-1: Base on Balls
|
Batting: RHB Zakhar Edelman
|
0-0: Swinging Strike 0-1: Ball 1-1: Ball 2-1: Called Strike 2-2: Ball 3-2: Strikes out looking
|
Batting: RHB Ray Insley
|
0-0: Ball 1-0: Called Strike 1-1: 3-RUN HOME RUN (Line Drive, 7LD, EV 101.3 MPH), Distance : 366 ft
|
Batting: RHB John Stevenson
|
0-0: Ball 1-0: Ball 2-0: Ball 3-0: Base on Balls
|
Batting: RHB Yamashita Yagi
|
0-0: Ball John Stevenson steals 2nd, throwing error, E2 John Stevenson to third 1-0: Ball 2-0: Ball 3-0: Called Strike 3-1: Base on Balls
|
Batting: RHB Juan Figueroa
|
0-0: Called Strike 0-1: Hit by Pitch Yamashita Yagi to second
|
Batting: RHB Willie Benito
|
0-0: Ball 1-0: Ball 2-0: Ball 3-0: Base on Balls John Stevenson scores Yamashita Yagi to third Juan Figueroa to second
|
Batting: LHB Zack Guillen
|
0-0: Called Strike 0-1: Swinging Strike 0-2: Ball 1-2: Foul Ball, location: 2F 1-2: Foul Ball, location: 2F 1-2: TRIPLE (Flyball, 89XD, EV 95.6 MPH) Yamashita Yagi scores Juan Figueroa scores Willie Benito scores
|
Batting: LHB Luke Coulter
|
0-0: Ball 1-0: Ball 2-0: DOUBLE (Flyball, 8LXD, EV 107.5 MPH) Zack Guillen scores
|
Pitching: RHP Rick Madden
|
|
Batting: LHB Harry Folsom
|
0-0: Fly out, F9 (Flyball, 9D, EV 91.9 MPH)
|
Top of the 9th over - 8 runs, 4 hits, 1 error, 1 left on base; Grand Junction 20 - San Francisco (APP) 13 |
BOTTOM OF THE 9TH |
San Francisco (APP) Giants batting - Pitching for Grand Junction Rockies : RHP T.J. Williams
|
Now at 1B: Luke Coulter
|
|
Now at 3B: Ray Insley
|
|
Batting: RHB Bill Defazio
|
0-0: Fly out, F8 (Flyball, 8RD, EV 91.9 MPH)
|
Batting: RHB John Tyra
|
0-0: Ball 1-0: Ball 2-0: Ball 3-0: Called Strike 3-1: Base on Balls
|
Batting: RHB Ed Broomhead
|
0-0: Ground out 3-1 (Groundball, 34S, EV 90.0 MPH) John Tyra to second
|
Batting: RHB David Andrews
|
0-0: Ball 1-0: Foul Ball, location: 2F 1-1: TRIPLE (Flyball, 89XD, EV 88.1 MPH) John Tyra scores
|
Batting: RHB Alexis Andrade
|
0-0: Ball 1-0: Ball 2-0: Ground out 2-3 (Groundball, 15S, EV 61.9 MPH)
|
Bottom of the 9th over - 1 run, 1 hit, 0 errors, 1 left on base; Grand Junction 20 - San Francisco (APP) 14 |
|